AoeStats
← DEADPOOL67

Arena

510109545Analyzed
2v2 RM · 2d ago on Sep 29, 2026· 53m 22s· 4 players
Game mode
Random Map
Map size
Medium (4 player)
Population
200
Speed
Normal
Resources
Standard
Victory
Conquest
Starting age
Dark Age
Ending age
Imperial Age
RankedLock teamsTeams togetherTeam positionsShared explorationLock speedFull tech treeHidden civsTurbo modeCheats
Victory
Defeat
🇷🇴 Britons · Romania
1059
+10
🇷🇴 Byzantines · Romania
895
+18
🇫🇮 Aztecs · Finland
948
-15
🇪🇸 Bulgarians · Spain
898
-13
Pizzaboy
1:55 Loom
11:08 Feudal Age
12:30 Horse Collar
13:07 Double-Bit Axe
18:26 Castle Age
17:23 Stone Mining
20:16 Bow Saw
32:46 Atlatl
32:45 Elite Skirmisher
34:04 Wheelbarrow
37:01 Hand Cart
36:39 Fletching
37:00 Forging
36:51 Padded Archer Armor
38:28 Leather Archer Armor
38:41 Redemption
38:49 Bodkin Arrow
42:46 Imperial Age
41:29 Iron Casting
41:53 Heavy Plow
42:25 Scale Mail Armor
42:52 Capped Ram
43:56 Bracer
44:32 Ballistics
45:58 Fortified Wall
47:16 Siege Ram
53:24 Blast Furnace
Luisirk
8:30 Loom
11:20 Feudal Age
12:36 Double-Bit Axe
17:58 Castle Age
15:59 Fletching
17:04 Forging
17:05 Horse Collar
18:56 Bodkin Arrow
19:15 Bow Saw
19:01 Gold Mining
20:45 Heavy Plow
21:26 Wheelbarrow
22:17 Stone Mining
24:04 Pikeman
26:26 Squires
29:18 Iron Casting
28:45 Scale Mail Armor
33:14 Imperial Age
32:29 Town Watch
33:18 Onager
33:50 Halberdier
34:56 Siege Onager
36:56 Chemistry
36:18 Ballistics
44:52 Elite Konnik
48:35 Siege Engineers
DEADPOOL67
11:45 Feudal Age
16:28 Castle Age
15:57 Double-Bit Axe
15:59 Horse Collar
20:40 Loom
22:48 Town Watch
27:03 Crossbowman
29:04 Wheelbarrow
28:30 Town Patrol
29:47 Yeomen
30:02 Padded Archer Armor
29:52 Fletching
30:13 Squires
29:33 Pikeman
29:58 Arson
33:13 Bow Saw
39:28 Imperial Age
37:53 Leather Archer Armor
37:33 Bodkin Arrow
37:40 Scale Mail Armor
37:50 Forging
40:10 Arbalester
42:04 Halberdier
43:55 Capped Ram
43:56 Onager
48:20 Ring Archer Armor
47:50 Bracer
48:05 Chain Mail Armor
48:25 Iron Casting
47:55 Scale Barding Armor
48:53 Husbandry
48:13 Cavalier
53:18 Conscription
Razvaldo
11:17 Feudal Age
14:02 Double-Bit Axe
16:27 Castle Age
23:31 Bow Saw
24:28 Gold Mining
30:34 Imperial Age
29:06 Treadmill Crane
28:57 Pikeman
30:20 Wheelbarrow
29:30 Loom
32:18 Chemistry
32:29 Gold Shaft Mining
31:44 Stone Mining
31:43 Crossbowman
32:28 Thumb Ring
38:17 Fortified Wall
38:30 Ballistics
44:04 Elite Skirmisher
44:04 Arbalester
46:39 Stone Shaft Mining
47:15 Two-Man Saw
48:47 Light Cavalry
Connection lost

Rejoining the realm…

Still unreachable

The connection could not be restored.

Session expired

The server has moved on; the page needs a fresh start.